 Dungeon Crawl Stone Soup version 0.25-a0-166-g16436c4407 (webtiles) character file.

Game seed: 7229291880054408821, levelgen mode: deterministic

17 Arixos the Skirmisher (level 2, -1/24 HPs)
             Began as a Demonspawn Monk on Nov 24, 2019.
             Killed from afar by a dart slug (5 damage)
             ... with a slug dart
             ... on level 2 of the Dungeon.
             The game lasted 00:01:24 (326 turns).

Arixos the Skirmisher (Demonspawn Monk)              Turns: 326, Time: 00:01:25

Health: -1/24      AC:  2    Str: 11    XL:     2   Next: 44%
Magic:  2/2        EV: 13    Int: 11    God:
Gold:   12         SH:  0    Dex: 15    Spells: 1/1 levels left

rFire    + . .     SeeInvis .   c - +0 mace
rCold    . . .     Gourm    .   (no shield)
rNeg     . . .     Faith    .   a - +0 robe
rPois    .         Spirit   .   (no helmet)
rElec    .         Reflect  .   (no cloak)
rCorr    .         Harm     .   (no gloves)
MR       .....                  (no boots)
Stlth    ++........             (no amulet)
HPRegen  0.08/turn              (no ring)
MPRegen  0.08/turn              (no ring)

@: no status effects
A: fire resistance 1
a: no special abilities


You were on level 2 of the Dungeon.
You were not hungry.

You visited 1 branch of the dungeon, and saw 2 of its levels.

You collected 12 gold pieces.

Inventory:

Hand Weapons
 c - a +0 mace (weapon)
Armour
 a - a +0 robe (worn)
Scrolls
 e - a scroll of fear {unknown}
Comestibles
 b - 2 rations
 d - a chunk of flesh


   Skills:
 + Level 3.3 Fighting
 + Level 1.0 Armour
 + Level 3.0 Dodging
 - Level 1.7 Stealth
 - Level 2.6 Unarmed Combat


You had one spell level left.
You didn't know any spells.
Your spell library was empty.

Dungeon Overview and Level Annotations

Branches:
Dungeon (1/15)

Altars:
Elyvilon


Innate Abilities, Weirdness & Mutations

Your flesh is heat resistant. (rF+)


Message History

The adder misses you.
You closely miss the adder. The adder bites you but does no damage.
The adder closely misses you.
You hit the adder.
The adder is heavily wounded.
The adder bites you.
* * * LOW HITPOINT WARNING * * *
You thump the adder!
You kill the adder!
Your Armour skill increases to level 1!
Your Dodging skill increases to level 3!
You have reached level 2!
Your demonic ancestry asserts itself...
You feel resistant to heat.
You hit the rat.
You kill the rat!
You hit the dart slug but do no damage. The dart slug launches a dart at you.
The slug dart hits you.
You die...

............#
............######
.............. ..#
............## #.#
.......###.w.###@#
.......#≈≈†..≈≈#w#
.......#≈.%♣..≈#.#
.................#
..w.....r♣._.♣...#
................##
w......#≈..♣..≈##
.....###≈≈...≈≈#
.......###...###


You could see a dart slug.

Vanquished Creatures
  An adder (D:2)
  2 bats (D:1)
  A giant cockroach (D:1)
  2 jackals (D:1)
  A kobold (D:2)
  2 rats
9 creatures vanquished.

Vanquished Creatures (others)
  A giant cockroach (D:2)
1 creature vanquished.

Grand Total: 10 creatures vanquished

Notes
Turn   | Place    | Note
-------+----------+-------------------------------------------
     0 | D:1      | Arixos the Demonspawn Monk began the quest for the Orb.
     0 | D:1      | Reached XP level 1. HP: 18/18 MP: 1/1
   261 | D:1      | You fall into a shaft and drop 1 floor!
   307 | D:2      | Found a white marble altar of Elyvilon.
   324 | D:2      | Reached skill level 1 in Armour
   324 | D:2      | Gained mutation: Your flesh is heat resistant. (rF+)
                  | [demonic ancestry]
   324 | D:2      | Reached XP level 2. HP: 4/24 MP: 2/2
   326 | D:2      | Killed from afar by a dart slug

Levels and vault maps discovered:
D:1:      wheals_arrival_linesprint, layout_rooms
D:2:      layout_basic, lemuel_doored_altar, first_ration, elyvilon_altar_4

Skill      XL: |  1 |
---------------+----+-----
Armour         | 1 |  1.0
Dodging        | 3 |  3.0
Fighting       | |  3.3
Stealth        | |  1.7
Unarmed Combat | |  2.6

Action                   || total
-------------------------++-------
Melee: Unarmed           ||    22
       Mace              ||     8
Armor: Robe              ||     9
Dodge: Dodged            ||    26

Table legend:
 A = Non-vault XP
 B = Vault XP
 C = Vault XP percentage of total XP
 D = Non-vault monster count
 E = Vault monster count
 F = Vault count percentage of total count
                 A         B        C        D         E       F
            +---------+---------+-------+---------+---------+-------
      Total |      25 |       0 |   0.0 |       9 |       0 |   0.0
            +---------+---------+-------+---------+---------+-------
        D:1 |      10 |       0 |   0.0 |       6 |       0 |   0.0
        D:2 |      15 |       0 |   0.0 |       3 |       0 |   0.0
            +---------+---------+-------+---------+---------+-------
